 Dungeon Crawl Stone Soup version 0.21.1-1-g345015f (webtiles) character file.

7518 Mirai the Covert (level 11, 0/54 (55) HPs)
             Began as a Kobold Enchanter on Apr 28, 2018.
             Was a High Priest of Okawaru.
             Slain by a yak (14 damage)
             ... on level 9 of the Dungeon on Apr 29, 2018.
             The game lasted 00:35:59 (10448 turns).

Mirai the Covert (Kobold Enchanter)                Turns: 10448, Time: 00:35:59

HP:   0/54 (55)     AC:  7    Str:  6    XL:     11   Next: 38%
MP:   2/21          EV: 21    Int: 17    God:    Okawaru [*****.]
Gold: 448           SH: 10    Dex: 18    Spells: 15/23 levels left

rFire    . . .     SeeInvis +   p - +3 dagger (drain)
rCold    . . .     Gourm    .   m - +0 buckler
rNeg     . . .     Faith    .   D - +1 animal skin
rPois    .         Spirit   .   E - +0 helmet {SInv}
rElec    .         Reflect  +   (no cloak)
rCorr    .         Harm     .   j - +0 pair of gloves
MR       .....                  b - +1 pair of boots
Stlth    +++++.....             y - +4 amulet of reflection
HPRegen  0.18/turn              z - ring of wizardry
MPRegen  0.17/turn              (no ring)

@: lethally poisoned (0 -> -1)
A: small, carnivore
a: Heroism, Finesse, Renounce Religion


You were on level 9 of the Dungeon.
You worshipped Okawaru.
Okawaru was extremely pleased with you.
You were completely stuffed.

You visited 2 branches of the dungeon, and saw 10 of its levels.
You also visited: Ossuary.

You collected 448 gold pieces.

Inventory:

Hand Weapons
 e - a +0 rapier
 p - a +3 dagger of draining (weapon)
 q - a +2 short sword of electrocution
 w - a +0 rapier
 A - a +0 short sword of speed
 F - a cursed -2 dagger
Armour
 b - a +1 pair of boots (worn)
 j - a +0 pair of gloves (worn)
 m - a +0 buckler (worn)
 D - a +1 animal skin (worn)
 E - a +0 helmet of see invisible (worn)
Jewellery
 y - a +4 amulet of reflection (around neck)
 z - a ring of wizardry (left hand)
Wands
 B - a wand of acid (11)
 C - a wand of iceblast (18)
Scrolls
 i - a scroll of fear
 k - 2 scrolls of teleportation
 l - 2 scrolls of amnesia
 n - 7 scrolls of identify
 o - a scroll of immolation
 u - a scroll of magic mapping
 x - 3 scrolls of enchant weapon
 G - 2 scrolls of remove curse
Potions
 a - 3 potions of cancellation
 f - 7 potions of curing
 h - a potion of heal wounds
 s - a potion of invisibility
 H - a potion of brilliance
Books
 c - a book of Maledictions

   Spells                             Type                      Level
   a - Corona                         Hexes                        1
   b - Ensorcelled Hibernation        Hexes/Ice                    2
   c - Confuse                        Hexes                        3
   d - Tukima's Dance                 Hexes                        3
   e - Dazzling Spray                 Conjuration/Hexes            3
Comestibles
 d - 27 rations
 g - 4 chunks of flesh


   Skills:
 + Level 0.5 Fighting
 + Level 8.2 Short Blades
 * Level 8.1 Dodging
 * Level 12.2 Stealth
 + Level 4.8 Shields
 + Level 6.6 Spellcasting
 + Level 7.1 Hexes
 - Level 4.0 Ice Magic


You had 15 spell levels left.
You knew the following spells:

 Your Spells              Type           Power        Failure   Level  Hunger
a - Ensorcelled Hibernat  Hex/Ice        ###...       1%          2    None
b - Confuse               Hex            ####....     1%          3    ##.....
c - Tukima's Dance        Hex            ####....     1%          3    ##.....


Dungeon Overview and Level Annotations

Branches:
Dungeon (9/15)             Temple (1/1) D:7
   Lair: D:8-11         Orc: D:9-12

Altars:
Dithmenos
Kikubaaqudgha
Okawaru
Vehumet
Wu Jian
Zin

Shops:
D:5 [


Innate Abilities, Weirdness & Mutations

You are small and have problems with some larger weapons.
You are carnivorous and can eat meat at any time.


Message History

You kill the killer bee!
Okawaru accepts your kill.
Casting: Ensorcelled Hibernation
Confirm with . or Enter, or press ? or * to list all spells.
Aiming: Ensorcelled Hibernation
Press: ? - help, Shift-Dir - straight line, f - yak
Aim: a yak (chance to defeat MR: 53%)
The yak looks drowsy...
You feel sick.
The helpless yak fails to defend itself.
You stick the yak like a pincushion!!!!
You kill the yak!
Okawaru accepts your kill.
You hit the yak. You drain the yak!
The yak is lightly wounded.
You hit the yak but do no damage. You hit the yak but do no damage.
You feel sick.
You hit the yak.
The yak is lightly wounded.
The yak gores you!
You die...

## #.. ###########
###########...
#........(####............J #
#.........@YY#..........# #####
#.........##YJy.........#
....###.......).####..........#
###...'<........# #..........#
#####.........# #.....$.!.##
####+###### ######+####


You could see 3 yaks, a jelly and a killer bee.

Vanquished Creatures
  A hydra (D:8)
  A two-headed ogre (D:7)
  The ghost of RipGuy the Bludgeoner, a novice MiBe of Trog (D:7)
  An unseen horror (D:8)
  The ghost of Caim the Chopper, a novice HOMo (D:5)
  2 dream sheep (D:8)
  4 yaks
  A wyvern (D:8)
  Eustachio (D:6)
  A water moccasin (D:3)
  An orc warrior (D:7)
  A sky beast (D:5)
  3 ice beasts
  3 phantoms
  A necrophage (D:8)
  2 centaurs
  5 big kobolds
  2 bullfrogs
  A water moccasin zombie (Ossuary)
  A scorpion (D:8)
  7 killer bees
  4 howler monkeys
  4 crimson imps
  A bullfrog zombie (D:7)
  A centaur zombie (D:7)
  A quasit (D:7)
  5 hounds
  3 jellies
  2 bullfrog skeletons
  3 orc priests
  2 centaur skeletons
  6 orc wizards
  An iguana (D:7)
  6 worker ants
  A big kobold zombie (Ossuary)
  2 mummies (Ossuary)
  2 worker ant zombies (D:5)
  Robin (D:4)
  10 gnolls
  8 adders
  A shadow imp (D:5)
  An ooze (D:2)
  7 adder zombies
  2 worms
  7 leopard geckos
  35 orcs
  3 giant cockroaches
  3 gnoll zombies (Ossuary)
  12 goblins
  11 hobgoblins
  2 jackals (D:4)
  16 kobolds
  2 quokkas
  2 ball pythons
  4 bats
  4 frilled lizards
  7 hobgoblin zombies (Ossuary)
  4 kobold zombies (Ossuary)
  3 leopard gecko skeletons (D:4)
  6 orc zombies (Ossuary)
  A quokka skeleton (D:4)
  7 rats
244 creatures vanquished.

Vanquished Creatures (others)
  2 kobolds (D:8)
2 creatures vanquished.

Grand Total: 246 creatures vanquished

Notes
Turn   | Place    | Note
-------+----------+-------------------------------------------
     0 | D:1      | Mirai the Kobold Enchanter began the quest for the Orb.
     0 | D:1      | Reached XP level 1. HP: 10/10 MP: 3/3
   276 | D:1      | Reached XP level 2. HP: 9/15 MP: 5/5
   286 | D:1      | Learned a level 2 spell: Ensorcelled Hibernation
   440 | D:1      | You fall through a shaft!
   440 | D:2      | Noticed a bullfrog
   448 | D:2      | Killed a bullfrog
   448 | D:2      | Reached XP level 3. HP: 8/19 MP: 7/7
   448 | D:2      | Reached XP level 4. HP: 10/24 MP: 8/8
   617 | D:2      | Learned a level 3 spell: Confuse
  1110 | D:2      | Reached XP level 5. HP: 15/28 MP: 4/9
  1226 | D:2      | Reached skill level 5 in Stealth
  1256 | D:2      | Learned a level 3 spell: Tukima's Dance
  1667 | D:3      | Reached XP level 6. HP: 32/32 MP: 7/10
  1697 | D:3      | Reached skill level 1 in Ice Magic
  1867 | D:3      | Noticed a water moccasin
  1887 | D:3      | Killed a water moccasin
  1887 | D:3      | Reached skill level 1 in Shields
  2496 | D:3      | Found an iron altar of Okawaru.
  2622 | D:3      | Became a worshipper of Warmaster Okawaru
  2702 | D:4      | Found a sand-covered staircase.
  2744 | D:4      | Reached XP level 7. HP: 21/36 MP: 1/12
  2776 | Ossuary  | Entered an ossuary
  3959 | D:5      | Entered Level 5 of the Dungeon
  4328 | D:4      | Reached skill level 6 in Stealth
  4395 | D:4      | Reached * piety under Okawaru
  4395 | D:4      | Reached XP level 8. HP: 31/41 MP: 5/13
  4864 | D:4      | Noticed Robin
  4907 | D:4      | Killed Robin
  5552 | D:5      | Noticed Caim's ghost (novice HOMo)
  5979 | D:5      | Killed Caim's ghost
  5979 | D:5      | Reached ** piety under Okawaru
  5979 | D:5      | Reached skill level 5 in Short Blades
  5979 | D:5      | Reached skill level 5 in Dodging
  5979 | D:5      | Reached skill level 7 in Stealth
  5979 | D:5      | Reached skill level 5 in Hexes
  5979 | D:5      | Reached XP level 9. HP: 31/45 MP: 2/15
  6137 | D:5      | Reached skill level 8 in Stealth
  6852 | D:5      | Found Yteli's Armour Shop.
  7346 | D:6      | Reached *** piety under Okawaru
  7348 | D:6      | Reached skill level 5 in Spellcasting
  7463 | D:6      | Noticed Eustachio
  7468 | D:6      | Killed Eustachio
  7468 | D:6      | Reached skill level 9 in Stealth
  8015 | D:7      | Found a staircase to the Ecumenical Temple.
  8036 | Temple   | Entered the Ecumenical Temple
  8106 | D:7      | Found a shadowy altar of Dithmenos.
  8169 | D:7      | Noticed a two-headed ogre
  8181 | D:7      | Killed a two-headed ogre
  8181 | D:7      | Reached **** piety under Okawaru
  8181 | D:7      | Received a gift from Okawaru
  8181 | D:7      | Reached XP level 10. HP: 33/50 MP: 12/18
  8191 | D:7      | Reached skill level 10 in Stealth
  8201 | D:7      | Noticed RipGuy's ghost (novice MiBe)
  9241 | D:7      | Killed RipGuy's ghost
  9704 | D:8      | Noticed an unseen horror
  9708 | D:8      | Killed an unseen horror
  9708 | D:8      | Reached skill level 11 in Stealth
  9803 | D:8      | Reached ***** piety under Okawaru
  9813 | D:8      | Reached XP level 11. HP: 53/53 MP: 18/20
  9848 | D:8      | Noticed a two-headed hydra
  9975 | D:8      | Killed a two-headed hydra
  9975 | D:8      | Reached skill level 12 in Stealth
 10448 | D:9      | Slain by a yak

Skill      XL: |  1  2  3  4  5  6  7  8  9 10 11 |
---------------+----------------------------------+-----
Short Blades   | 2 3 4 5 6 7 8 |  8.2
Dodging        | 3 4 5 6 7 8 |  8.1
Spellcasting   | 3 4 5 6 |  6.6
Stealth        | 5 6 7 9 11 12 | 12.2
Ice Magic      | 1 2 3 4 |  4.0
Shields        | 1 2 3 4 |  4.8
Hexes          | 4 5 6 7 |  7.1
Fighting       | |  0.5

Action                   |  1- 3 |  4- 6 |  7- 9 | 10-12 || total
-------------------------+-------+-------+-------+-------++-------
Melee: Dagger            |    48 |   222 |   642 |   239 ||  1151
 Cast: Ensorcelled Hiber |       |    20 |    39 |    67 ||   126
       Confuse           |       |       |    44 |     9 ||    53
       Tukima's Dance    |       |       |     1 |     1 ||     2
       Corona            |       |       |     1 |       ||     1
  Use: Scroll            |       |     7 |     6 |     2 ||    15
       Potion            |       |       |    13 |     1 ||    14
 Stab: Sleeping          |     3 |    13 |    29 |    39 ||    84
       Confused          |       |       |    17 |     4 ||    21
       Invisible         |       |       |     3 |       ||     3
       Distracted        |       |       |       |     2 ||     2
  Eat: Chunk             |     4 |    11 |    23 |     8 ||    46
Armor: Robe              |     3 |    33 |    24 |       ||    60
       Skin              |       |       |    17 |       ||    17
       Animal skin       |       |       |    30 |    19 ||    49
Dodge: Dodged            |    33 |   139 |   278 |   144 ||   594
Block: Buckler           |       |    32 |   228 |   127 ||   387
       Reflection        |       |       |       |    10 ||    10
